 Dungeon Crawl Stone Soup version 0.20.1-1-g8b1a95d (webtiles) character file.

19373 pstr the Thaumaturge (level 13, -5/80 HPs)
             Began as a Kobold Conjurer on Nov 21, 2017.
             Was a High Priest of Qazlal.
             Slain by a cyclops (7 damage)
             ... on level 11 of the Dungeon.
             The game lasted 00:57:21 (19860 turns).

pstr the Thaumaturge (Kobold Conjurer)             Turns: 19860, Time: 00:57:22

Health: -5/80      AC: 15    Str:  3      XL:     13   Next: 4%
Magic:  22/43      EV: 15    Int: 19 (20) God:    Qazlal [*****.]
Gold:   823        SH:  6    Dex: 16 (17) Spells: 23/35 levels left

rFire    x . .     SeeInvis +   I - staff of power
rCold    + + .     Gourm    .   (shield currently unavailable)
rNeg     . . .     Faith    .   L - +0 ring mail {rC+}
rPois    .         Spirit   .   q - +0 helmet
rElec    .         Reflect  .   m - +0 cloak
rCorr    .         Harm     .   z - +0 pair of gloves
MR       .....                  M - +0 pair of boots
Stlth    +.........             (no amulet)
Regen    0.3/turn               h - -2 ring of strength (curse)
MPRegen  0.3/turn               J - ring of ice

@: protected from physical damage, repel missiles
A: repulsion field 1, see invisible, carnivore 3, deterioration 1, robust 1
a: Upheaval, Elemental Force, Disaster Area, Renounce Religion


You were on level 11 of the Dungeon.
You worshipped Qazlal.
Qazlal was extremely pleased with you.
You were completely stuffed.

You visited 3 branches of the dungeon, and saw 14 of its levels.
You also visited: Ossuary.

You collected 823 gold pieces.

Inventory:

Hand Weapons
 r - a +2 quarterstaff of chaos
Missiles
 e - 173 arrows
 k - 391 stones (quivered)
Armour
 a - a +0 robe
 f - a +0 ring mail
 m - a +0 cloak (worn)
 q - a +0 helmet (worn)
 v - a cursed -1 leather armour
 z - a +0 pair of gloves (worn)
 D - a cursed +0 ring mail
 K - a +3 chain mail
 L - a +0 ring mail of cold resistance (worn)
 M - a +0 pair of boots (worn)
Magical Staves
 s - an uncursed staff of power
 I - an uncursed staff of power (weapon)
 Q - a cursed staff of fire
Jewellery
 h - a cursed -2 ring of strength (left hand)
 J - a ring of ice (right hand)
Wands
 n - a wand of acid (7/15)
 u - a wand of polymorph (14/24)
 x - a wand of polymorph (11/24)
 y - a wand of iceblast (8/15)
 A - a wand of flame (24/48)
 B - a wand of acid (9/15)
 O - a wand of disintegration (2/24)
 R - a wand of lightning (7/15)
 S - a wand of flame (24/48)
Scrolls
 d - 3 scrolls of teleportation
 g - 9 scrolls of remove curse
 l - 6 scrolls of identify
 t - a scroll of enchant weapon
 G - a scroll of amnesia
 H - 3 scrolls of acquirement
 T - a scroll of blinking
Potions
 i - a potion of haste
 j - 2 potions of degeneration
 o - 3 potions of mutation
 w - a potion of berserk rage
 C - a potion of ambrosia
 F - 2 potions of agility
 P - 2 potions of brilliance
Books
 b - a book of Conjurations

   Spells                             Type                      Level
   a - Magic Dart                     Conjuration                  1
   b - Searing Ray                    Conjuration                  2
   c - Dazzling Spray                 Conjuration/Hexes            3
   d - Fulminant Prism                Conjuration/Hexes            4
   e - Force Lance                    Conjuration/Translocation    4
   f - Iskenderun's Mystic Blast      Conjuration                  4
 E - Keshafem's Grimoire of the Oath and Unholy Secrets
   (You acquired it on level 8 of the Dungeon)

   Spells                             Type                      Level
   a - Ensorcelled Hibernation        Hexes/Ice                    2
   b - Slow                           Hexes                        2
   c - Sublimation of Blood           Necromancy                   2
   d - Portal Projectile              Hexes/Translocation          3
 N - a book of Air

   Spells                             Type                      Level
   a - Shock                          Conjuration/Air              1
   b - Swiftness                      Charms/Air                   2
   c - Static Discharge               Conjuration/Air              3
   d - Airstrike                      Air                          4
   e - Lightning Bolt                 Conjuration/Air              5
 V - a book of Battle

   Spells                             Type                      Level
   a - Infusion                       Charms                       1
   b - Shroud of Golubria             Charms/Translocation         2
   c - Song of Slaying                Charms                       2
   d - Spectral Weapon                Hexes/Charms                 3
   e - Regeneration                   Charms/Necromancy            3
Comestibles
 c - 7 meat rations
 p - 17 royal jellies
 U - 2 chunks of flesh


   Skills:
 + Level 5.6 Fighting
 + Level 1.8 Staves
 + Level 8.0 Armour
 + Level 8.3 Dodging
 + Level 4.8 Stealth
 + Level 1.0 Unarmed Combat
 + Level 11.7 Spellcasting
 + Level 11.4 Conjurations


You had 23 spell levels left.
You knew the following spells:

 Your Spells              Type           Power        Failure   Level  Hunger
a - Magic Dart            Conj           ####         1%          1    None
b - Searing Ray           Conj           ######       1%          2    None
c - Slow                  Hex            ##......     45%         2    None
d - Iskenderun's Mystic   Conj           ######..     3%          4    ##.....
e - Static Discharge      Conj/Air       ####....     10%         3    None


Dungeon Overview and Level Annotations

Branches:
Dungeon (12/15)            Temple (1/1) D:5            Lair (1/6) D:9
    Orc (0/2) D:11

Altars:
Ashenzari
Cheibriados
Dithmenos
Elyvilon
Gozag
Hepliaklqana
Kikubaaqudgha
Makhleb
Nemelex Xobeh
Okawaru
Qazlal
Sif Muna
Trog
Uskayaw
Xom
Yredelemnul
Zin

Shops:
D:5 ![%


Innate Abilities, Weirdness & Mutations

You are small and have problems with some larger weapons.
You are carnivorous and can eat meat at any time.
You are surrounded by a mild repulsion field. (EV +2)
You have supernaturally acute eyesight. (SInv)
Your body sometimes deteriorates upon taking damage.
You are robust. (+10% HP)


Message History

The centaur warrior hits you but does no damage.
The cyclops hits you!
* * * LOW HITPOINT WARNING * * *
Your body deteriorates!
You feel dopey.
Casting: Searing Ray
Confirm with . or Enter, or press ? or * to list all spells.
Aiming: Searing Ray
Press: ? - help, Shift-Dir - straight line, f/p - cyclops
Aim: a cyclops (sparse dust, almost dead)
The searing ray hits the cyclops.
The cyclops is almost dead. (Press . to maintain the ray.)
The centaur warrior hits you.
* * * LOW HITPOINT WARNING * * *
You feel more protected from physical attacks.
The orc misses you. The centaur warrior closely misses you.
The searing ray hits the cyclops.
The cyclops is almost dead.
You block the centaur warrior's attack. The cyclops hits you!
You die...

..#......#......................#
..#......#......................#
..#..>...#......................#
..#......#......................#
..#......############...........#
..#......#.....#....#.....#.....#
..#......#.....#.§§.#.....#.....#
..#.).[..#.....#....#)....#......
...<.....#.....#@o..#.....#......
.........#.....#Cc..#.....#......
.........#.....#o§§.#.....#......
..).)....#......(...#.....#######
..#......#......................#
..#......#######................#
..#......#.....#..<.............#
..#......#.....#.......[........#
<.#......#.....#....######.....##


You could see a centaur warrior, a cyclops and 2 orcs.

Vanquished Creatures
  Fannar (D:10)
  4 two-headed ogres
  The ghost of Zogzag the Frost Mage, a novice HuIE of Okawaru (D:8)
  Pikel (D:9)
  A cyclops (D:11)
  Psyche (D:10)
  A gargoyle (D:10)
  5 trolls
  Grinder (D:6)
  3 hippogriffs
  A shadow (D:10)
  Sigmund (D:2)
  A vampire (D:11)
  34 yaks
  2 hungry ghosts
  2 soldier ants (D:8)
  2 water moccasins
  7 orc warriors
  2 ice beasts
  2 slaves (D:9)
  A sky beast (D:7)
  A black bear (D:9)
  2 necrophages
  3 phantoms
  6 ogres
  3 centaurs
  8 bullfrogs
  3 big kobolds
  2 gnoll sergeants
  6 water moccasin zombies
  4 scorpions
  A water moccasin skeleton (D:7)
  9 killer bees
  7 wights (D:9)
  2 howler monkeys
  8 crimson imps
  A bullfrog zombie (D:7)
  A centaur zombie (D:10)
  11 hounds
  Crazy Yiuf (D:2)
  4 orc priests
  A gnoll shaman (D:4)
  2 iguanas
  13 orc wizards
  12 worker ants
  A big kobold zombie (Ossuary)
  2 mummies (Ossuary)
  A worker ant zombie (D:9)
  11 gnolls
  A howler monkey skeleton (D:6)
  10 adders
  6 shadow imps
  An ooze (D:4)
  6 adder zombies (Ossuary)
  An adder skeleton (D:5)
  5 worms
  3 dart slugs
  8 leopard geckos
  28 orcs
  5 giant cockroaches
  6 goblins
  5 hobgoblins
  4 jackals (D:3)
  6 quokkas
  5 ball pythons
  7 bats
  3 frilled lizards
  3 gnoll zombies (Ossuary)
  4 hobgoblin zombies (Ossuary)
  A jackal skeleton (D:4)
  21 kobolds
  3 kobold zombies (Ossuary)
  2 leopard gecko skeletons (D:4)
  5 orc zombies (Ossuary)
  4 quokka zombies
  2 rats
355 creatures vanquished.

Vanquished Creatures (others)
  A slave (D:9)
  A big kobold (D:9)
  3 orcs (D:9)
  5 kobolds (D:9)
  4 fungi (D:9)
  A plant (D:9)
15 creatures vanquished.

Grand Total: 370 creatures vanquished

Notes
Turn   | Place    | Note
-------+----------+-------------------------------------------
     0 | D:1      | pstr the Kobold Conjurer began the quest for the Orb.
     0 | D:1      | Reached XP level 1. HP: 10/10 MP: 3/3
   211 | D:1      | Reached XP level 2. HP: 12/15 MP: 0/5
   215 | D:1      | Learned a level 2 spell: Searing Ray
  1042 | D:1      | Reached XP level 3. HP: 19/19 MP: 1/6
  1389 | D:2      | Reached skill level 5 in Conjurations
  1862 | D:2      | Noticed Sigmund
  2251 | D:3      | Reached XP level 4. HP: 22/24 MP: 0/7
  3079 | D:3      | Reached XP level 5. HP: 28/28 MP: 7/9
  3733 | D:2      | Killed Sigmund
  3733 | D:2      | Reached skill level 1 in Armour
  3733 | D:2      | Reached XP level 6. HP: 20/33 MP: 2/11
  3974 | D:2      | Found a runed door.
  3978 | D:2      | Noticed Crazy Yiuf
  3982 | D:2      | Killed Crazy Yiuf
  4310 | D:4      | Reached skill level 1 in Unarmed Combat
  4498 | D:4      | Reached XP level 7. HP: 25/37 MP: 12/12
  5567 | D:4      | Reached XP level 8. HP: 42/42 MP: 14/14
  5614 | D:5      | Entered Level 5 of the Dungeon
  5644 | D:5      | Found Ucazxy's Distillery.
  5649 | D:5      | Found Hocheerch's Armour Shop.
  5817 | D:5      | Found a staircase to the Ecumenical Temple.
  5893 | D:5      | Found Qoadufif's Food Shoppe.
  5904 | Temple   | Entered the Ecumenical Temple
  5982 | Temple   | Became a worshipper of Qazlal Stormbringer
  6129 | D:5      | Reached skill level 1 in Fighting
  6129 | D:5      | Reached skill level 5 in Spellcasting
  7175 | D:6      | Noticed Grinder
  7184 | D:6      | Killed Grinder
  7184 | D:6      | Reached XP level 9. HP: 47/47 MP: 18/18
  7934 | D:7      | Reached * piety under Qazlal
  8671 | D:7      | Noticed a hippogriff
  8676 | D:7      | Killed a hippogriff
  8676 | D:7      | Reached skill level 5 in Armour
  9207 | D:8      | Reached XP level 10. HP: 38/52 MP: 21/21
  9276 | D:8      | Reached ** piety under Qazlal
  9482 | D:8      | Found a sand-covered staircase.
  9494 | Ossuary  | Entered an ossuary
  9922 | Ossuary  | Reached skill level 5 in Dodging
 10167 | D:8      | Noticed Zogzag's ghost (novice HuIE)
 10187 | D:8      | Gained mutation: Your body sometimes deteriorates upon taking damage. [potion of mutation]
 10187 | D:8      | Gained mutation: You are robust. (+10% HP) [potion of mutation]
 10187 | D:8      | Gained mutation: You are surrounded by a mild repulsion field. (EV +2) [potion of mutation]
 10187 | D:8      | Gained mutation: You have supernaturally acute eyesight. (SInv) [potion of mutation]
 10200 | D:8      | HP: 5/130 [Zogzag's ghost/puff of frost (10)]
 10210 | D:8      | Killed Zogzag's ghost
 10727 | D:8      | Reached skill level 1 in Staves
 10871 | D:8      | Reached *** piety under Qazlal
 12416 | D:8      | Identified 3 scrolls of acquirement
 12416 | D:8      | Identified Keshafem's Grimoire of the Oath and Unholy Secrets (You acquired it on level 8 of the Dungeon)
 12423 | D:8      | Learned a level 2 spell: Slow
 12428 | D:8      | Learned a level 4 spell: Iskenderun's Mystic Blast
 12531 | D:9      | Reached XP level 11. HP: 63/63 MP: 23/24
 13024 | D:9      | Found a staircase to the Lair.
 13376 | D:9      | Noticed a two-headed ogre
 13392 | Lair:1   | Entered Level 1 of the Lair of Beasts
 13561 | Lair:1   | Killed a two-headed ogre
 13566 | Lair:1   | Reached **** piety under Qazlal
 14126 | D:10     | Entered Level 10 of the Dungeon
 14218 | D:10     | Reached skill level 10 in Spellcasting
 14224 | D:10     | Noticed Psyche
 14615 | D:9      | Reached skill level 10 in Conjurations
 14678 | D:9      | Noticed Pikel
 14689 | D:9      | Killed Pikel
 15128 | D:10     | Killed Psyche
 15380 | D:10     | Noticed a two-headed ogre
 15388 | D:10     | Noticed a two-headed ogre
 15392 | D:10     | Killed a two-headed ogre
 15721 | D:9      | Killed a two-headed ogre
 15721 | D:9      | Reached XP level 12. HP: 19/72 MP: 26/26
 16123 | D:10     | Noticed Fannar
 16335 | D:10     | Killed Fannar
 16749 | D:11     | Found a staircase to the Orcish Mines.
 16896 | D:10     | Noticed a two-headed ogre
 16905 | D:10     | Killed a two-headed ogre
 16905 | D:10     | Reached skill level 5 in Fighting
 18791 | D:11     | Noticed an unseen horror
 18791 | D:11     | Noticed an unseen horror
 19201 | D:11     | Reached ***** piety under Qazlal
 19294 | D:11     | Learned a level 3 spell: Static Discharge
 19730 | D:11     | Reached XP level 13. HP: 60/80 MP: 28/28
 19841 | D:12     | Noticed a centaur warrior
 19859 | D:11     | HP: 2/80 [centaur warrior (3)]
 19860 | D:11     | Slain by a cyclops

Skill      XL: |  1  2  3  4  5  6  7  8  9 10 11 12 13 |
---------------+----------------------------------------+-----
Conjurations   | 5 6 7 8 9 10 11 | 11.4
Armour         | 1 2 4 5 7 8 |  8.0
Dodging        | 3 4 5 7 8 |  8.3
Stealth        | 3 4 |  4.8
Spellcasting   | 3 4 6 7 9 10 11 | 11.7
Unarmed Combat | 1 |  1.0
Fighting       | 1 2 4 5 |  5.6
Staves         | 1 |  1.8

Action                   |  1- 3 |  4- 6 |  7- 9 | 10-12 | 13-15 || total
-------------------------+-------+-------+-------+-------+-------++-------
Melee: Unarmed           |     6 |    25 |       |       |       ||    31
       Staff             |       |       |       |    22 |       ||    22
 Cast: Magic Dart        |    43 |    46 |    90 |   126 |     1 ||   306
       Searing Ray       |    12 |    18 |    92 |   252 |     9 ||   383
  Use: Potion            |     1 |     6 |     1 |    15 |       ||    23
       Scroll            |       |     4 |     4 |    10 |       ||    18
  Eat: Chunk             |    13 |     8 |    15 |    32 |       ||    68
Armor: Robe              |     4 |       |       |       |       ||     4
       Ring mail         |       |    17 |    20 |   167 |     9 ||   213
       Skin              |       |       |       |    22 |       ||    22
Dodge: Dodged            |    20 |    32 |    64 |   351 |    21 ||   488
       Deflected         |       |       |       |     6 |       ||     6
Block: Other             |       |       |       |   114 |     7 ||   121
